PL
BOSTON PATRIOTS @ CLEVELAND BROWNS
08/05/2041
 
TOP OF THE 1ST
Boston Patriots batting - Pitching for Cleveland Browns : RHP Eric Matson
Pitching: RHP Eric Matson
Batting: LHB Juan Andrés Martí 0-0: Ball
1-0: Ball
2-0: Called Strike
2-1: Ball
3-1: SINGLE (Line Drive, 8RS, EV 92.5 MPH)
Batting: SHB Eisse van Opdorp 0-0: Called Strike
Juan Andrés Martí steals 2nd base (no throw)
0-1: Foul Ball, location: 2F
0-2: Ball
1-2: Ball
2-2: Ball
3-2: SINGLE (Groundball, 4, EV 102.5 MPH) (infield hit)
Juan Andrés Martí to third
Batting: SHB Jae-woo Ohm 0-0: Foul Ball, location: 2F
0-1: Swinging Strike
0-2: Fly out, F8 (Flyball, 78D, EV 104.4 MPH)
Runner from 3rd tags up, SCORES, no throw by CF
Batting: LHB Freddy Díaz 0-0: Ball
1-0: SINGLE (Line Drive, 9LS, EV 110.0 MPH)
Eisse van Opdorp to second
Batting: RHB Brevyn Spann-Ford 0-0: Ball
1-0: Called Strike
1-1: Fly out, F8 (Line Drive, 8RD, EV 98.8 MPH)
Batting: RHB Juan Dávila 0-0: Called Strike
0-1: Ball
1-1: Called Strike
1-2: Ball
2-2: Ball
3-2: SINGLE (Groundball, 56D, EV 101.9 MPH)
Eisse van Opdorp to third
Freddy Díaz to second
Eisse van Opdorp scores
Freddy Díaz to third
Batting: RHB John Mayasich 0-0: Called Strike
0-1: Ball
1-1: Ball
2-1: Foul Ball, location: 2F
2-2: Foul Ball, location: 2F
2-2: Strikes out looking
Top of the 1st over - 2 runs, 4 hits, 0 errors, 2 left on base; Boston 2 - Cleveland 0
BOTTOM OF THE 1ST
Cleveland Browns batting - Pitching for Boston Patriots : RHP Aldo Ottens
Pitching: RHP Aldo Ottens
Batting: SHB Jhett Larson 0-0: Ball
1-0: Ball
2-0: Foul Ball, location: 2F
2-1: SINGLE (Groundball, 34D, EV 103.1 MPH)
Batting: LHB León Castillo 0-0: Ball
1-0: Foul Ball, location: 2F
1-1: Called Strike
1-2: Foul Ball, location: 2F
1-2: Strikes out swinging
Batting: LHB Danny Rodríguez 0-0: Swinging Strike
0-1: Ball
1-1: Called Strike
1-2: Ball
2-2: Fielders Choice at 2nd, 5-4 (Groundball, 5, EV 106.2 MPH)
Batting: RHB Baldomero Avino 0-0: Called Strike
0-1: Ball
1-1: Called Strike
1-2: Foul Ball, location: 2F
1-2: Strikes out swinging
Bottom of the 1st over - 0 runs, 1 hit, 0 errors, 1 left on base; Boston 2 - Cleveland 0
TOP OF THE 2ND
Boston Patriots batting - Pitching for Cleveland Browns : RHP Eric Matson
Batting: RHB Giobbe Bastedo 0-0: Called Strike
0-1: Ball
1-1: Foul Ball, location: 2F
1-2: Ball
2-2: Strikes out swinging
Batting: SHB Willie McGirt 0-0: Ball
1-0: Called Strike
1-1: Swinging Strike
1-2: Ball
2-2: Foul Ball, location: 2F
2-2: Ball
3-2: Ground out 4-3 (Groundball, 4, EV 104.4 MPH)
Batting: LHB Juan Andrés Martí 0-0: Foul Ball, location: 2F
0-1: Fly out, F7 (Flyball, 7LSF, EV 86.9 MPH)
Top of the 2nd over - 0 runs, 0 hits, 0 errors, 0 left on base; Boston 2 - Cleveland 0
BOTTOM OF THE 2ND
Cleveland Browns batting - Pitching for Boston Patriots : RHP Aldo Ottens
Batting: RHB Meester Gobbles-Rooster 0-0: Ball
1-0: Fly out, F8 (Flyball, 8RXD, EV 90.0 MPH)
Batting: RHB Tom Camden 0-0: Called Strike
0-1: Ground out 6-3 (Groundball, 6, EV 86.9 MPH)
Batting: LHB Jim Brown 0-0: Called Strike
0-1: Ball
1-1: Foul Ball, location: 2F
1-2: DOUBLE (Line Drive, 89D, EV 111.9 MPH)
Batting: RHB Gerold Olthof 0-0: Ball
1-0: Ball
2-0: Ball
3-0: Called Strike
3-1: Foul Ball, location: 2F
3-2: Ground out 5-3 (Groundball, 5, EV 90.6 MPH)
Bottom of the 2nd over - 0 runs, 1 hit, 0 errors, 1 left on base; Boston 2 - Cleveland 0
TOP OF THE 3RD
Boston Patriots batting - Pitching for Cleveland Browns : RHP Eric Matson
Batting: SHB Eisse van Opdorp 0-0: Hit by Pitch
Batting: SHB Jae-woo Ohm 0-0: Ball
1-0: Foul Ball, location: 2F
1-1: Ball
2-1: Ball
3-1: SINGLE (Flyball, 7LS, EV 90.6 MPH)
Eisse van Opdorp to second
Batting: LHB Freddy Díaz 0-0: Called Strike
0-1: Ball
1-1: Ball
2-1: Foul Ball, location: 2F
2-2: SINGLE (Line Drive, 89M, EV 95.0 MPH)
Eisse van Opdorp to third
Jae-woo Ohm to second
Batting: RHB Brevyn Spann-Ford 0-0: Called Strike
0-1: SINGLE (Groundball, 6D, EV 98.1 MPH)
Eisse van Opdorp scores
Jae-woo Ohm to third
Freddy Díaz to second
Runner from 3rd tries for Home, SAFE, no throw by LF
Batting: RHB Juan Dávila 0-0: Ball
1-0: SINGLE (Groundball, 4M, EV 101.2 MPH) (infield hit)
Freddy Díaz to third
Brevyn Spann-Ford to second
Batting: RHB John Mayasich 0-0: Ball
1-0: Called Strike
1-1: Ball
2-1: Fly out, F9 (Flyball, 9LM, EV 96.9 MPH)
Runner from 3rd tags up, SCORES, throw by RF
Brevyn Spann-Ford to third
Batting: RHB Giobbe Bastedo 0-0: Fielders Choice at 2nd, 3-6 (Groundball, 3, EV 103.8 MPH)
Brevyn Spann-Ford scores
Pitching: LHP Hermenegildo Beliago
Batting: SHB Willie McGirt 0-0: Ball
1-0: Ball
2-0: Foul Ball, location: 2F
2-1: Foul Ball, location: 2F
2-2: Ball
3-2: SINGLE (Groundball, 56D, EV 100.0 MPH)
Giobbe Bastedo to second
Giobbe Bastedo to third
Batting: LHB Juan Andrés Martí 0-0: Called Strike
0-1: Ball
1-1: Foul Ball, location: 2F
1-2: Foul Ball, location: 2F
1-2: SINGLE (Groundball, 34, EV 84.4 MPH) (infield hit)
Giobbe Bastedo scores
Willie McGirt to second
Batting: SHB Eisse van Opdorp 0-0: SINGLE (Groundball, 6MD, EV 98.8 MPH)
Willie McGirt to third
Juan Andrés Martí to second
Runner from 3rd tries for Home, SAFE, throw by CF to home
Batting: SHB Jae-woo Ohm 0-0: Called Strike
0-1: Swinging Strike
0-2: SINGLE (Groundball, 6MD, EV 94.4 MPH)
Juan Andrés Martí to third
Eisse van Opdorp to second
Runner from 3rd tries for Home, SAFE, throw by CF to home
Batting: LHB Freddy Díaz 0-0: Foul Ball, location: 2F
0-1: Ball
1-1: Ball
2-1: Foul Ball, location: 2F
2-2: SINGLE (Groundball, 4MD, EV 98.8 MPH)
Eisse van Opdorp to third
Jae-woo Ohm to second
Runner from 3rd tries for Home, SAFE, no throw by CF
Batting: RHB Brevyn Spann-Ford 0-0: SINGLE (Groundball, 56D, EV 101.2 MPH)
Jae-woo Ohm to third
Freddy Díaz to second
Runner from 3rd tries for Home, SAFE, no throw by LF
Pitching: RHP Tim Walker
Batting: RHB Juan Dávila 0-0: Ball
1-0: Called Strike
1-1: Ball
2-1: Ball
3-1: Foul Ball, location: 2F
3-2: Ground out 4-3 (Groundball, 4, EV 83.8 MPH)
Top of the 3rd over - 9 runs, 10 hits, 0 errors, 2 left on base; Boston 11 - Cleveland 0
BOTTOM OF THE 3RD
Cleveland Browns batting - Pitching for Boston Patriots : RHP Aldo Ottens
Batting: RHB Carlos Martínez 0-0: Foul Ball, location: 2F
0-1: Ball
1-1: Ground out 6-3 (Groundball, 6, EV 88.1 MPH)
Batting: SHB Jhett Larson 0-0: Foul Ball, location: 2F
0-1: Called Strike
0-2: Ground out 4-3 (Groundball, 4D, EV 95.6 MPH)
Batting: LHB León Castillo 0-0: Called Strike
0-1: Foul Ball, location: 2F
0-2: Strikes out swinging
Bottom of the 3rd over - 0 runs, 0 hits, 0 errors, 0 left on base; Boston 11 - Cleveland 0
TOP OF THE 4TH
Boston Patriots batting - Pitching for Cleveland Browns : RHP Tim Walker
Batting: RHB John Mayasich 0-0: Ball
1-0: Fly out, F9 (Flyball, 9LM, EV 98.1 MPH)
Batting: RHB Giobbe Bastedo 0-0: Ball
1-0: Fly out, F6 (Popup, 56D, EV 54.4 MPH)
Batting: SHB Willie McGirt 0-0: Ball
1-0: Ball
2-0: Foul Ball, location: 2F
2-1: Called Strike
2-2: Fly out, F7 (Flyball, 78S, EV 80.0 MPH)
Top of the 4th over - 0 runs, 0 hits, 0 errors, 0 left on base; Boston 11 - Cleveland 0
BOTTOM OF THE 4TH
Cleveland Browns batting - Pitching for Boston Patriots : RHP Aldo Ottens
Batting: LHB Danny Rodríguez 0-0: Called Strike
0-1: Ball
1-1: Foul Ball, location: 2F
1-2: Strikes out swinging, 2-3 out at first.
Batting: RHB Baldomero Avino 0-0: Called Strike
0-1: Ball
1-1: Ball
2-1: Ball
3-1: Ground out 5-3 (Groundball, 5L, EV 101.9 MPH)
Batting: RHB Meester Gobbles-Rooster 0-0: Ball
1-0: Ball
2-0: Called Strike
2-1: SINGLE (Groundball, 34D, EV 103.8 MPH)
Batting: RHB Tom Camden 0-0: Ball
1-0: Ball
2-0: Called Strike
2-1: Foul Ball, location: 2F
2-2: Fly out, F4 (Popup, 4D, EV 70.0 MPH)
Bottom of the 4th over - 0 runs, 1 hit, 0 errors, 1 left on base; Boston 11 - Cleveland 0
TOP OF THE 5TH
Boston Patriots batting - Pitching for Cleveland Browns : RHP Tim Walker
Batting: LHB Juan Andrés Martí 0-0: Foul Ball, location: 2F
0-1: Foul Ball, location: 2F
0-2: Ground out 4-3 (Groundball, 34, EV 83.8 MPH)
Batting: SHB Eisse van Opdorp 0-0: Ground out U3 (Groundball, 34, EV 110.6 MPH)
Batting: SHB Jae-woo Ohm 0-0: SINGLE (Line Drive, 4MD, EV 93.8 MPH)
Batting: LHB Freddy Díaz 0-0: Ball
1-0: Foul Ball, location: 2F
1-1: Ball
2-1: Foul Ball, location: 2F
2-2: Ball
3-2: Fly out, F6 (Line Drive, 6, EV 69.4 MPH)
Top of the 5th over - 0 runs, 1 hit, 0 errors, 1 left on base; Boston 11 - Cleveland 0
BOTTOM OF THE 5TH
Cleveland Browns batting - Pitching for Boston Patriots : RHP Aldo Ottens
Batting: LHB Jim Brown 0-0: Ball
1-0: Fly out, F7 (Flyball, 7S, EV 86.9 MPH)
Pitching: RHP Kelemeneke Balun
Batting: RHB Gerold Olthof 0-0: Ball
1-0: Ball
2-0: Foul Ball, location: 2F
2-1: Foul Ball, location: 2F
2-2: SINGLE (Line Drive, 78S, EV 105.6 MPH)
Batting: RHB Carlos Martínez 0-0: SINGLE (Line Drive, 8LS, EV 95.0 MPH)
Gerold Olthof to second
Batting: SHB Jhett Larson 0-0: Ball
1-0: Foul Ball, location: 2F
1-1: Swinging Strike
1-2: Ball
2-2: Foul Ball, location: 2F
2-2: Foul Ball, location: 2F
2-2: Strikes out looking
Batting: LHB León Castillo 0-0: Ball
1-0: Foul Ball, location: 2F
1-1: Foul Ball, location: 2F
1-2: Strikes out swinging
Bottom of the 5th over - 0 runs, 2 hits, 0 errors, 2 left on base; Boston 11 - Cleveland 0
TOP OF THE 6TH
Boston Patriots batting - Pitching for Cleveland Browns : RHP Tim Walker
Batting: RHB Brevyn Spann-Ford 0-0: Ball
1-0: Called Strike
1-1: Ball
2-1: Ground out 1-3 (Groundball, P, EV 79.4 MPH)
Batting: RHB Juan Dávila 0-0: Ground out 6-3 (Groundball, 6M, EV 88.8 MPH)
Batting: RHB John Mayasich 0-0: Called Strike
0-1: Ball
1-1: Ball
2-1: SINGLE (Line Drive, 89S, EV 99.4 MPH)
Batting: RHB Giobbe Bastedo 0-0: Called Strike
0-1: Swinging Strike
0-2: Strikes out swinging
Top of the 6th over - 0 runs, 1 hit, 0 errors, 1 left on base; Boston 11 - Cleveland 0
BOTTOM OF THE 6TH
Cleveland Browns batting - Pitching for Boston Patriots : RHP Kelemeneke Balun
Batting: LHB Danny Rodríguez 0-0: Ball
1-0: Foul Ball, location: 2F
1-1: Fly out, F8 (Flyball, 8LD, EV 101.2 MPH)
Batting: RHB Baldomero Avino 0-0: Foul Ball, location: 2F
0-1: Ball
1-1: Swinging Strike
1-2: Ball
2-2: DOUBLE (Flyball, 8RXD, EV 97.5 MPH)
Batting: RHB Meester Gobbles-Rooster 0-0: Fly out, F7 (Flyball, 7LS, EV 88.8 MPH)
Batting: RHB Tom Camden 0-0: Ball
1-0: Foul Ball, location: 2F
1-1: Ball
2-1: Swinging Strike
2-2: Strikes out looking
Bottom of the 6th over - 0 runs, 1 hit, 0 errors, 1 left on base; Boston 11 - Cleveland 0
TOP OF THE 7TH
Boston Patriots batting - Pitching for Cleveland Browns : RHP Tim Walker
Batting: SHB Willie McGirt 0-0: Fly out, F7 (Flyball, 7, EV 78.8 MPH)
Batting: LHB Juan Andrés Martí 0-0: Called Strike
0-1: Ground out 4-3 (Groundball, 4, EV 81.9 MPH)
Batting: SHB Eisse van Opdorp 0-0: Ball
1-0: Fly out, F6 (Popup, 6M, EV 50.6 MPH)
Top of the 7th over - 0 runs, 0 hits, 0 errors, 0 left on base; Boston 11 - Cleveland 0
BOTTOM OF THE 7TH
Cleveland Browns batting - Pitching for Boston Patriots : RHP Kelemeneke Balun
Pitching: RHP Jelexiz Verano
Batting: LHB Jim Brown 0-0: Ball
1-0: Called Strike
1-1: Foul Ball, location: 2F
1-2: SINGLE (Groundball, 4, EV 82.5 MPH) (infield hit)
Batting: RHB Gerold Olthof 0-0: Called Strike
0-1: Fly out, F9 (Flyball, 9LS, EV 77.5 MPH)
Pinch Hitting: LHB Luis Aranda 0-0: Foul Ball, location: 2F
0-1: Swinging Strike
0-2: Ball
1-2: Ground out 4-3 (Groundball, 4, EV 96.9 MPH)
Jim Brown to second
Batting: SHB Jhett Larson 0-0: Ball
1-0: Swinging Strike
1-1: Ball
2-1: Foul Ball, location: 2F
2-2: SINGLE (Line Drive, 78M, EV 101.2 MPH)
Jim Brown to third
Batting: LHB León Castillo 0-0: Ball
1-0: Swinging Strike
1-1: Foul Ball, location: 2F
1-2: Ball
2-2: Fly out, F9 (Flyball, 9LM, EV 90.0 MPH)
Bottom of the 7th over - 0 runs, 2 hits, 0 errors, 2 left on base; Boston 11 - Cleveland 0
TOP OF THE 8TH
Boston Patriots batting - Pitching for Cleveland Browns : RHP Tim Walker
Now at SS: Luis Aranda
Batting: SHB Jae-woo Ohm 0-0: Ball
1-0: Fly out, F9 (Flyball, 9, EV 88.8 MPH)
Batting: LHB Freddy Díaz 0-0: Ball
1-0: Ball
2-0: Ball
3-0: Called Strike
3-1: Ground out 1-3 (Groundball, 34S, EV 86.9 MPH)
Batting: RHB Brevyn Spann-Ford 0-0: Ball
1-0: Fly out, F8 (Line Drive, 8LM, EV 91.9 MPH)
Top of the 8th over - 0 runs, 0 hits, 0 errors, 0 left on base; Boston 11 - Cleveland 0
BOTTOM OF THE 8TH
Cleveland Browns batting - Pitching for Boston Patriots : RHP Jelexiz Verano
Batting: LHB Danny Rodríguez 0-0: Ball
1-0: Foul Ball, location: 2F
1-1: Called Strike
1-2: Strikes out swinging
Batting: RHB Baldomero Avino 0-0: Ground out 6-3 (Groundball, 6, EV 86.9 MPH)
Batting: RHB Meester Gobbles-Rooster 0-0: Fly out, F8 (Flyball, 8LM, EV 86.9 MPH)
Bottom of the 8th over - 0 runs, 0 hits, 0 errors, 0 left on base; Boston 11 - Cleveland 0
TOP OF THE 9TH
Boston Patriots batting - Pitching for Cleveland Browns : RHP Tim Walker
Batting: RHB Juan Dávila 0-0: Foul Ball, location: 2F
0-1: Fly out, F3 (Popup, 34S, EV 78.1 MPH)
Batting: RHB John Mayasich 0-0: Ball
1-0: Ball
2-0: Called Strike
2-1: Ground out 6-3 (Groundball, 6, EV 85.0 MPH)
Batting: RHB Giobbe Bastedo 0-0: Foul Ball, location: 2F
0-1: Swinging Strike
0-2: Ball
1-2: Ball
2-2: Ball
3-2: Strikes out swinging
Top of the 9th over - 0 runs, 0 hits, 0 errors, 0 left on base; Boston 11 - Cleveland 0
BOTTOM OF THE 9TH
Cleveland Browns batting - Pitching for Boston Patriots : RHP Jelexiz Verano
Pinch Hitting: SHB Esteban Piñeiro 0-0: Foul Ball, location: 2F
0-1: Ball
1-1: Foul Ball, location: 2F
1-2: Foul Ball, location: 2F
1-2: Strikes out swinging
Batting: LHB Jim Brown 0-0: Called Strike
0-1: Foul Ball, location: 2F
0-2: Ball
1-2: Foul Ball, location: 2F
1-2: Ball
2-2: Fly out, F6 (Flyball, 56D, EV 96.9 MPH)
Pinch Hitting: RHB Chris Walters 0-0: Ball
1-0: Swinging Strike
1-1: Ball
2-1: Called Strike
2-2: Ball
3-2: Ground out 6-3 (Groundball, 6, EV 89.4 MPH)
Bottom of the 9th over - 0 runs, 0 hits, 0 errors, 0 left on base; Boston 11 - Cleveland 0
Tuesday, January 5th, 2021 - OOTP Baseball 20.8 Build 74